 Dungeon Crawl Stone Soup version 0.23-b1 (webtiles) character file.

Game seed: 1457165298763281429

74 Jerry the Cudgeler (level 4, -1/35 HPs)
             Began as a Demonspawn Gladiator on Jan 29, 2019.
             Slain by a bullfrog skeleton (6 damage)
             ... on level 2 of the Dungeon.
             The game lasted 00:04:10 (2567 turns).

Jerry the Cudgeler (Demonspawn Gladiator)           Turns: 2567, Time: 00:04:10

Health: -1/35      AC:  4    Str: 15    XL:     4   Next: 10%
Magic:  0/4        EV: 12    Int: 10    God:
Gold:   134        SH:  0    Dex: 14    Spells: 3/3 levels left

rFire    + + .     SeeInvis .   s - +0 whip
rCold    x . .     Gourm    .   (no shield)
rNeg     . . .     Faith    .   b - +0 leather armour
rPois    .         Spirit   +   c - +0 helmet
rElec    .         Reflect  .   (no cloak)
rCorr    .         Harm     .   (no gloves)
MR       .....                  (no boots)
Stlth    +.........             (no amulet)
HPRegen  0.11/turn              n - ring of fire
MPRegen  0.18/turn              (no ring)

@: hasted, very quick
A: fire resistance 1, magic shield, magic regeneration
a: no special abilities


You were on level 2 of the Dungeon.
You were not hungry.

You visited 1 branch of the dungeon, and saw 2 of its levels.

You collected 134 gold pieces.

Inventory:

Hand Weapons
 s - a +0 whip (weapon)
Missiles
 d - 3 throwing nets (quivered)
Armour
 b - a +0 leather armour (worn)
 c - a +0 helmet (worn)
Jewellery
 n - a ring of fire (left hand)
Wands
 m - a wand of acid (4)
Scrolls
 g - 2 scrolls of identify
 j - a scroll of enchant weapon {unknown}
 k - a scroll of teleportation
 r - a scroll of noise {unknown}
Potions
 i - a potion of cancellation {unknown}
 l - a potion of brilliance {unknown}
 o - a potion of heal wounds {unknown}
 p - a potion of mutation {unknown}
 q - a potion of curing
Comestibles
 f - 7 rations
 h - a chunk of flesh


   Skills:
 + Level 3.0 Fighting
 + Level 3.3 Maces & Flails
 - Level 1.7 Throwing
 + Level 1.7 Armour
 - Level 2.6 Dodging


You had 3 spell levels left.
You didn't know any spells.
Your spell library was empty.

Dungeon Overview and Level Annotations

Branches:
Dungeon (2/15)

Altars:


Innate Abilities, Weirdness & Mutations

Your flesh is heat resistant. (rF+)
When hurt, damage is shared between your health and your magic reserves.
You regenerate magic rapidly.


Message History

The bullfrog skeleton hits you.
* * * LOW HITPOINT WARNING * * *
You barely miss the bullfrog skeleton.
The bullfrog skeleton is moderately damaged.
The bullfrog skeleton closely misses you.
You feel better.
The bullfrog skeleton barely misses you.
You feel yourself speed up.
The bullfrog skeleton closely misses you.
The bullfrog skeleton hits you but does no damage.
You hit the bullfrog skeleton.
The bullfrog skeleton is heavily damaged.
The bullfrog skeleton hits you.
* * * LOW HITPOINT WARNING * * *
You hit the bullfrog skeleton.
The bullfrog skeleton is heavily damaged.
You hit the bullfrog skeleton.
The bullfrog skeleton is severely damaged.
The bullfrog skeleton hits you.
You die...

#........#######.##
#.######.#........# #.#
#.#.#####..#
#.######.#.#####..########
#.##...........#..........
#.##.###.#.###.#..########
#.##.###.#.##.....##
#....).....##......#
####.#..(.(.Z@....##
#......(#####.## ###....(#
#.# ##...## #.# ##.## #'#
#.# ... ###.# .... ##.#.#
..... ##....###......


You could see a bullfrog skeleton.

Vanquished Creatures
  4 adders (D:2)
  2 leopard geckos
  A ball python (D:2)
  A giant cockroach (D:1)
  7 goblins
  5 hobgoblins
  3 jackals
  4 kobolds (D:2)
  3 bats
  3 frilled lizards
  5 rats
38 creatures vanquished.

Notes
Turn   | Place    | Note
-------+----------+-------------------------------------------
     0 | D:1      | Jerry the Demonspawn Gladiator began the quest for the Orb.
     0 | D:1      | Reached XP level 1. HP: 16/16 MP: 1/1
   416 | D:1      | Gained mutation: When hurt, damage is shared between your
                  | health and your magic reserves. [demonic ancestry]
   416 | D:1      | Reached XP level 2. HP: 22/22 MP: 2/2
   757 | D:1      | Reached skill level 1 in Armour
  1382 | D:2      | Gained mutation: You regenerate magic rapidly. [demonic
                  | ancestry]
  1382 | D:2      | Reached XP level 3. HP: 23/28 MP: 3/3
  2546 | D:2      | Gained mutation: Your flesh is heat resistant. (rF+)
                  | [demonic ancestry]
  2546 | D:2      | Reached XP level 4. HP: 15/35 MP: 1/4
  2561 | D:2      | HP: 1/35 [bullfrog skeleton (1)]
  2567 | D:2      | Slain by a bullfrog skeleton

Skill      XL: |  1  2  3 |
---------------+----------+-----
Maces & Flails | 3 |  3.3
Armour         | 1 |  1.7
Fighting       | 3 |  3.0
Throwing       | |  1.7
Dodging        | |  2.6

Action                   |  1- 3 |  4- 6 || total
-------------------------+-------+-------++-------
Melee: Flail             |   136 |       ||   136
       Whip              |    23 |     7 ||    30
  Use: Scroll            |     6 |       ||     6
       Potion            |     1 |     2 ||     3
  Eat: Chunk             |     5 |       ||     5
Armor: Leather armour    |    60 |     2 ||    62
Dodge: Dodged            |   118 |     7 ||   125
